AoeStats
← DavidFe

Arena

510303066Analyzed
3v3 RM · 1d ago on Sep 30, 2026· 49m 58s· 6 players
Game mode
Random Map
Map size
Normal (6 player)
Population
200
Speed
Normal
Resources
Standard
Victory
Conquest
Starting age
Dark Age
Ending age
Imperial Age
RankedLock teamsTeams togetherTeam positionsShared explorationLock speedFull tech treeHidden civsTurbo modeCheats
Victory
Defeat
🇹🇷 Aztecs · Türkiye
967
+14
🇳🇿 Khmer · New Zealand
963
+15
🇦🇺 Mapuche · Australia
963
+15
🇹🇷 Ethiopians · Türkiye
1032
-19
🇦🇷 Japanese · Argentina
886
-13
🇪🇸 Italians · Spain
875
-12
Kanuni_ibrahim_dede
10:26 Feudal Age
12:40 Double-Bit Axe
19:14 Castle Age
17:32 Horse Collar
17:48 Gold Mining
18:16 Stone Mining
20:13 Loom
24:22 Squires
24:08 Gambesons
24:09 Arson
30:43 Heavy Plow
32:12 Scale Mail Armor
32:23 Forging
33:30 Wheelbarrow
36:44 Imperial Age
35:18 Hand Cart
35:41 Chain Mail Armor
37:50 Conscription
38:37 Garland Wars
38:40 Man-at-Arms
41:38 Long Swordsman
42:18 Two-Handed Swordsman
43:12 Champion
49:27 Crop Rotation
ARCHI_Trent
10:49 Feudal Age
11:18 Horse Collar
11:26 Double-Bit Axe
18:04 Castle Age
20:07 Bow Saw
19:59 Heavy Plow
27:50 Imperial Age
26:22 Forging
26:17 Scale Barding Armor
27:25 Bloodlines
29:54 Iron Casting
29:23 Husbandry
29:25 Gold Mining
30:08 Elite Battle Elephant
33:54 Gold Shaft Mining
35:04 Blast Furnace
34:28 Chain Barding Armor
34:55 Tusk Swords
42:16 Elite Ballista Elephant
44:35 Light Cavalry
45:33 Hussar
46:51 Ballistics
47:32 Chemistry
Chippindall
6:39 Loom
12:48 Feudal Age
17:48 Castle Age
15:41 Horse Collar
16:05 Double-Bit Axe
20:40 Elite Skirmisher
21:59 Heavy Plow
25:21 Wheelbarrow
24:12 Champi Runner
25:51 Fletching
26:01 Padded Archer Armor
30:01 Masonry
29:50 Murder Holes
32:15 Gold Mining
34:10 Forging
34:17 Leather Archer Armor
35:38 Malon
36:49 Ballistics
41:50 Imperial Age
40:22 Bodkin Arrow
42:49 Butalmapu
43:48 Conscription
44:51 Chemistry
46:22 Siege Engineers
trieukhom
2:12 Loom
12:14 Feudal Age
13:39 Double-Bit Axe
13:37 Horse Collar
15:37 Stone Mining
20:25 Castle Age
18:33 Gold Mining
25:14 Forging
25:04 Scale Mail Armor
29:45 Chain Mail Armor
30:06 Iron Casting
30:25 Iron Casting
37:37 Imperial Age
37:01 Squires
36:47 Arson
39:16 Conscription
48:50 Pikeman
50:35 Blast Furnace
50:04 Bow Saw
50:57 Plate Mail Armor
DavidFe
12:49 Feudal Age
14:44 Wheelbarrow
13:59 Double-Bit Axe
14:24 Horse Collar
17:05 Castle Age
18:28 Bow Saw
20:46 Heavy Plow
29:03 Imperial Age
27:28 Squires
27:14 Arson
28:20 Scale Mail Armor
28:31 Forging
29:06 Hand Cart
29:27 Chain Mail Armor
29:11 Gold Mining
31:21 Two-Man Saw
31:38 Crop Rotation
31:37 Conscription
32:01 Stone Mining
33:20 Plate Mail Armor
34:23 Iron Casting
36:23 Blast Furnace
37:37 Pikeman
40:10 Loom
BananaRepublic
12:52 Feudal Age
13:49 Loom
16:47 Castle Age
16:51 Horse Collar
16:58 Double-Bit Axe
18:31 Fervor
24:29 Imperial Age
25:13 Scale Mail Armor
25:10 Crossbowman
29:07 Conscription
31:00 Squires
30:49 Halberdier
35:04 Forging
35:27 Chain Mail Armor
39:55 Chemistry
39:17 Arbalester
40:02 Thumb Ring
42:53 Elite Shotel Warrior
45:23 Thumb Ring
45:56 Scale Barding Armor
45:31 Light Cavalry
48:04 Masonry
Connection lost

Rejoining the realm…

Still unreachable

The connection could not be restored.

Session expired

The server has moved on; the page needs a fresh start.